 Dungeon Crawl Stone Soup version 0.24.1 (webtiles) character file.

Game seed: 15509473045325509315, levelgen mode: deterministic

150 xxadam the Charmwright (level 5, 0/64 HPs)
             Began as a Gnoll Skald on Apr 3, 2020.
             Succumbed to a worker ant's poison
             ... on level 4 of the Dungeon.
             The game lasted 00:12:19 (3382 turns).

xxadam the Charmwright (Gnoll Skald)                Turns: 3382, Time: 00:12:20

Health: 0/64       AC: 22    Str: 12 (14) XL:     5   Next: 32%
Magic:  12/12      EV:  2    Int: 18 (21) God:
Gold:   47         SH:  0    Dex: 12 (14) Spells: 8/14 levels left

rFire    . . .     SeeInvis .   b - +0 hunting sling
rCold    . . .     Gourm    .   (no shield)
rNeg     + + +     Faith    .   (armour currently unavailable)
rPois    +         Spirit   .   (helmet currently unavailable)
rElec    .         Reflect  .   (cloak currently unavailable)
rCorr    .         Harm     .   (gloves currently unavailable)
MR       .....     NoTele   +   (boots currently unavailable)
Stlth    ++........             (no amulet)
HPRegen  0.20/turn              (no ring)
MPRegen  0.13/turn              (no ring)

@: brilliant, lethally poisoned (0 -> -25), tree-form
A: distributed training, strong nose
a: no special abilities


You were on level 4 of the Dungeon.
You were not hungry.
You were a tree.
You visited 1 branch of the dungeon, and saw 4 of its levels.

You collected 47 gold pieces.

Inventory:

Hand Weapons
 a - a +0 spear
 b - a +0 hunting sling (weapon)
 p - a +0 whip
Missiles
 f - 4 javelins
 g - 13 poisoned darts
 k - 113 stones (quivered)
 o - 23 sling bullets
Armour
 z - a +0 pair of boots (melded)
 B - a +0 chain mail (melded)
Jewellery
 l - an uncursed ring of fire
 n - an uncursed ring of resist corrosion {unknown}
 D - an uncursed ring of positive energy {unknown}
Wands
 y - a wand of enslavement (12)
 E - a wand of random effects (8)
Scrolls
 i - a scroll of fog {unknown}
 r - 3 scrolls of blinking {unknown}
 s - 2 scrolls of teleportation {unknown}
 t - 3 scrolls of remove curse {unknown}
 u - a scroll of magic mapping {unknown}
 v - a scroll of identify {unknown}
 w - a scroll of immolation {unknown}
 x - 2 scrolls of amnesia {unknown}
Potions
 c - a potion of magic {unknown}
 e - 2 potions of degeneration
 h - a potion of haste {unknown}
 j - a potion of might {unknown}
 m - a potion of lignification
 q - a potion of brilliance
 A - a potion of invisibility {unknown}
 C - a potion of curing {unknown}
Comestibles
 d - 5 rations


   Skills:
 + Level 4.7 Fighting
 + Level 1.4 Short Blades
 + Level 1.4 Long Blades
 + Level 1.4 Axes
 + Level 1.4 Maces & Flails
 + Level 4.7 Polearms
 + Level 1.4 Staves
 + Level 1.4 Slings
 + Level 1.4 Bows
 + Level 1.4 Crossbows
 + Level 1.4 Throwing
 + Level 2.9 Armour
 + Level 4.7 Dodging
 + Level 1.4 Stealth
 + Level 1.4 Shields
 + Level 1.4 Unarmed Combat
 + Level 5.2 Spellcasting
 + Level 1.1 Conjurations
 + Level 1.1 Hexes
 + Level 5.5 Charms
 + Level 1.1 Summonings
 + Level 1.1 Necromancy
 + Level 1.1 Translocations
 + Level 1.1 Transmutations
 + Level 1.1 Fire Magic
 + Level 1.1 Ice Magic
 + Level 1.1 Air Magic
 + Level 1.1 Earth Magic
 + Level 1.1 Poison Magic
 + Level 1.6 Invocations
 + Level 1.4 Evocations


You had 8 spell levels left.
You knew the following spells:

 Your Spells              Type           Power        Failure   Level  Hunger
a - Infusion              Chrm           ####         1%          1    None
b - Song of Slaying       Chrm           #####...     1%          2    #......
c - Regeneration          Chrm/Necr      ####......   1%          3    ##.....

Your spell library contained the following spells:

 Spells                   Type           Power        Failure   Level  Hunger
 Shroud of Golubria       Chrm/Tloc      ####..       1%          2    #......
 Spectral Weapon          Hex/Chrm       ####....     1%          3    ##.....


Dungeon Overview and Level Annotations

Branches:
Dungeon (4/15)
 Temple: D:4-7

Altars:
Qazlal
Sif Muna


Innate Abilities, Weirdness & Mutations

Your experience applies equally to all skills.
((You have very sharp teeth.))
Your uncanny sense of smell can sniff out nearby items.


Message History

You feel sick. The worker ant bites you.
* * * LOW HITPOINT WARNING * * *
It was a potion of degeneration.
There was something very wrong with that liquid.
You feel weakened.
You feel dopey.
You feel clumsy.
* * * LOW HITPOINT WARNING * * *
You feel sick. The worker ant closely misses you. The worker ant bites you.
* * * LOW HITPOINT WARNING * * *
You are more poisoned.
The worker ant poisons you!
It was a potion of lignification.
You turn into a tree.
Your +0 pair of boots melds into your body.
Your +0 chain mail melds into your body.
Your roots penetrate the ground.
* * * LOW HITPOINT WARNING * * *
You feel sick.
The worker ant bites you but does no damage.
It was a potion of brilliance.
You feel clever all of a sudden.
You die...

....... .......
....... .......
#########.......
#...............
#.............(.
#......(.!#
#♣a(......#
#.........#
#.........#
#.........#
#...<.....#
#.........#
#.........#
#...........
#..$.........


You could see a worker ant.

Vanquished Creatures
  An orc priest (D:3)
  4 adders
  An ooze (D:1)
  A worm (D:2)
  A dart slug (D:1)
  2 leopard geckos
  4 orcs (D:3)
  3 giant cockroaches
  7 goblins
  3 hobgoblins
  6 jackals (D:2)
  11 kobolds
  2 ball pythons (D:2)
  6 bats
  7 frilled lizards
  10 rats
69 creatures vanquished.

Notes
Turn   | Place    | Note
-------+----------+-------------------------------------------
     0 | D:1      | xxadam the Gnoll Skald began the quest for the Orb.
     0 | D:1      | Reached XP level 1. HP: 20/20 MP: 6/6
     6 | D:1      | Noticed a four-headed hydra
     6 | D:1      | Noticed a swamp worm
   236 | D:1      | Reached XP level 2. HP: 24/26 MP: 7/7
   582 | D:1      | Reached XP level 3. HP: 29/31 MP: 9/9
   697 | D:1      | Reached skill level 5 in Spellcasting
  1337 | D:2      | Learned a level 2 spell: Song of Slaying
  1341 | D:2      | Learned a level 3 spell: Regeneration
  1360 | D:2      | Reached skill level 1 in Invocations
  1639 | D:2      | Reached skill level 1 in Short Blades
  1639 | D:2      | Reached skill level 1 in Long Blades
  1639 | D:2      | Reached skill level 1 in Axes
  1639 | D:2      | Reached skill level 1 in Maces & Flails
  1639 | D:2      | Reached skill level 1 in Staves
  1639 | D:2      | Reached skill level 1 in Slings
  1639 | D:2      | Reached skill level 1 in Bows
  1639 | D:2      | Reached skill level 1 in Crossbows
  1639 | D:2      | Reached skill level 1 in Throwing
  1639 | D:2      | Reached skill level 1 in Stealth
  1639 | D:2      | Reached skill level 1 in Shields
  1639 | D:2      | Reached skill level 1 in Unarmed Combat
  1639 | D:2      | Reached skill level 1 in Evocations
  1639 | D:2      | Reached XP level 4. HP: 29/38 MP: 11/11
  1714 | D:2      | Found a shimmering blue altar of Sif Muna.
  2412 | D:3      | Reached skill level 1 in Conjurations
  2412 | D:3      | Reached skill level 1 in Hexes
  2412 | D:3      | Reached skill level 1 in Summonings
  2412 | D:3      | Reached skill level 1 in Necromancy
  2412 | D:3      | Reached skill level 1 in Translocations
  2412 | D:3      | Reached skill level 1 in Transmutations
  2412 | D:3      | Reached skill level 1 in Fire Magic
  2412 | D:3      | Reached skill level 1 in Ice Magic
  2412 | D:3      | Reached skill level 1 in Air Magic
  2412 | D:3      | Reached skill level 1 in Earth Magic
  2412 | D:3      | Reached skill level 1 in Poison Magic
  2515 | D:3      | Reached XP level 5. HP: 43/43 MP: 12/12
  2577 | D:3      | Found a stormy altar of Qazlal.
  3380 | D:4      | HP: 2/43 [worker ant (3)]
  3382 | D:4      | Succumbed to a worker ant's poison

Levels and vault maps discovered:
D:1:      onia_arrival_zoo_common, layout_basic
D:2:      layout_rooms, nicolae_overflow_crystal_walls,
          minmay_shallow_snake_nest
D:3:      layout_loops_ring, nicolae_qazlal_eye_of_the_storm
D:4:      layout_basic, grunt_temple_overflow_growth_and_decay,
          minmay_temple_entry_grid

Skill      XL: |  1  2  3  4 |
---------------+-------------+-----
Spellcasting   | 5 |  5.2
Invocations    | 1 |  1.6
Short Blades   | 1 |  1.4
Long Blades    | 1 |  1.4
Axes           | 1 |  1.4
Maces & Flails | 1 |  1.4
Staves         | 1 |  1.4
Slings         | 1 |  1.4
Bows           | 1 |  1.4
Crossbows      | 1 |  1.4
Throwing       | 1 |  1.4
Stealth        | 1 |  1.4
Shields        | 1 |  1.4
Unarmed Combat | 1 |  1.4
Evocations     | 1 |  1.4
Conjurations   | 1 |  1.1
Hexes          | 1 |  1.1
Summonings     | 1 |  1.1
Necromancy     | 1 |  1.1
Translocations | 1 |  1.1
Transmutations | 1 |  1.1
Fire Magic     | 1 |  1.1
Ice Magic      | 1 |  1.1
Air Magic      | 1 |  1.1
Earth Magic    | 1 |  1.1
Poison Magic   | 1 |  1.1
Fighting       | |  4.7
Polearms       | |  4.7
Armour         | |  2.9
Dodging        | |  4.7
Charms         | |  5.5

Action                   |  1- 3 |  4- 6 || total
-------------------------+-------+-------++-------
Melee: Spear             |   140 |    54 ||   194
       Bite              |    12 |     9 ||    21
       Punch             |       |     1 ||     1
 Fire: Hunting sling     |    44 |    89 ||   133
Throw: Javelin           |     3 |       ||     3
 Cast: Infusion          |     1 |     2 ||     3
       Regeneration      |       |     1 ||     1
  Use: Potion            |       |     3 ||     3
  Eat: Chunk             |     2 |     2 ||     4
       Ration            |       |     1 ||     1
Armor: Leather armour    |     1 |       ||     1
       Ring mail         |    63 |     7 ||    70
       Chain mail        |       |    19 ||    19
       Skin              |       |     1 ||     1
Dodge: Dodged            |    86 |    60 ||   146
